[Event "Titled Tuesday Blitz January 17 Early 2023"]
[White "Tsaruk, Maksim"]
[Black "Albertini, Luca"]
[WhiteFideId "13511173"]
[BlackFideId "847038"]
[WhiteElo "2373"]
[BlackElo "2084"]
[Result "1/2-1/2"]
[Round "02"]
[TimeControl "180+2"]
[Date "2023.01.17"]
[WhiteClock "0:00:07"]
[BlackClock "0:00:15"]

1. Nf3 d5 2. g3 Nf6 3. Bg2 c5 4. O-O Nc6 5. d4 cxd4 6. Nxd4 e6 7. c4 Bc5 8. Nb3 Bb6 9. cxd5 Nxd5 10. N1d2 Bxf2+ 11. Rxf2 Ne3 12. Qe1 Nc2 13. Qf1 Ne3 14. Bxc6+ bxc6 15. Qh3 O-O 16. Nf3 Qd1+ 17. Rf1 Nxf1 18. Qxf1 Qd5 19. Be3 Ba6 20. Nc5 Qc4 21. Nxa6 Qxa6 22. a3 Rab8 23. Bd4 Rfd8 24. Rc1 Rd5 25. e4 Qxf1+ 26. Kxf1 Rdb5 27. Rxc6 Rd8 28. Bc3 a6 29. Ke2 h6 30. Rxa6 Re8 31. a4 Rb7 32. a5 f6 33. Rd6 e5 34. Ne1 Ra8 35. Nc2 Rc8 36. Ne3 Rcb8 37. g4 Kf7 38. h4 Kg6 39. Kf3 h5 40. Bxe5 hxg4+ 41. Kxg4 Re8 42. h5+ Kh7 43. Bc3 Rxe4+ 44. Kf3 Rbe7 45. Nf5 R7e6 46. Rxe6 Rxe6 47. b4 g6 48. hxg6+ Kxg6 49. Nd4 Re8 50. b5 Kf7 51. a6 Ke7 52. b6 Kd7 53. a7 f5 54. b7 Kc7 55. b8=Q+ Rxb8 56. axb8=Q+ Kxb8 57. Nxf5 Kc7 58. Ke4 Kc6 59. Bd4 Kb5 60. Kd5 Ka6 61. Kc6 Ka5 62. Bc5 Ka6 63. Nd4 Ka5 64. Bd6 Ka6 65. Bb8 Ka5 66. Kc5 Ka6 67. Nb5 Kb7 68. Be5 Ka6 69. Bc3 Kb7 70. Nd6+ Ka6 71. Kc6 Ka7 72. Nb7 Ka8 73. Be5 Ka7 74. Bf4 Ka6 75. Bb8 1/2-1/2


[Site "https://www.chess.com"]

[Event "Titled Tuesday Blitz January 17 Early 2023"]
[White "Zherebtsova, Alexandra"]
[Black "Harsha Bharathakoti"]
[WhiteFideId "24129518"]
[BlackFideId "5078776"]
[WhiteElo "2155"]
[BlackElo "2602"]
[Result "0-1"]
[Round "02"]
[TimeControl "180+2"]
[Date "2023.01.17"]
[WhiteClock "0:00:02"]
[BlackClock "0:01:24"]

1. d4 Nf6 2. Nf3 c5 3. d5 b5 4. Bg5 g6 5. Bxf6 exf6 6. e4 b4 7. Nbd2 Bg7 8. Bd3 O-O 9. Nc4 d6 10. O-O Qc7 11. a4 a5 12. Rb1 Re8 13. Nfd2 Nd7 14. f4 Bb7 15. Qf3 Re7 16. b3 Rae8 17. Kh1 f5 18. exf5 Nf6 19. fxg6 fxg6 20. f5 Bxd5 21. Qg3 Bxc4 22. Nxc4 d5 23. Qxc7 Rxc7 24. Nd2 g5 25. Bb5 Re3 26. Nf3 g4 27. Nd2 Bh6 28. Rbd1 Rce7 29. Nb1 Kg7 30. g3 Bg5 31. Kg2 h5 32. c3 bxc3 33. Rc1 d4 34. Rc2 Nd5 35. Bc4 Nb4 36. Rcc1 c2 37. Na3 d3 38. f6+ Bxf6 0-1


[Site "https://www.chess.com"]

[Event "Titled Tuesday Blitz January 17 Early 2023"]
[White "Sonnenschein, Philipp"]
[Black "Van Foreest, Lucas"]
[WhiteFideId "16250877"]
[BlackFideId "1039792"]
[WhiteElo "2224"]
[BlackElo "2556"]
[Result "0-1"]
[Round "02"]
[TimeControl "180+2"]
[Date "2023.01.17"]
[WhiteClock "0:00:21"]
[BlackClock "0:01:31"]

1. e4 b5 2. Bxb5 Bb7 3. Nc3 f5 4. d3 Nf6 5. Qe2 fxe4 6. dxe4 e6 7. Nf3 Be7 8. O-O O-O 9. Bg5 Nc6 10. Rad1 Rb8 11. Bc4 Qe8 12. Rfe1 Nh5 13. Bxe7 Qxe7 14. Qd2 Rxf3 15. gxf3 Ne5 16. Be2 Qh4 17. Kh1 Rf8 18. Rg1 Nf4 19. Rg3 Bc6 20. Rdg1 g6 21. Bd1 Nh5 22. Qd4 Qf4 23. Rg5 Nxf3 24. Bxf3 Qxf3+ 25. R1g2 Nf4 26. h4 Nxg2 27. Rxg2 Rf4 28. Kg1 Bxe4 29. Nxe4 Rxe4 30. Qc3 Qd1+ 31. Kh2 Rxh4+ 32. Kg3 Qg4# 0-1


[Site "https://www.chess.com"]

[Event "Titled Tuesday Blitz January 17 Early 2023"]
[White "Kostenko, Petr"]
[Black "Shipov, Sergei"]
[WhiteFideId "13700669"]
[BlackFideId "4113624"]
[WhiteElo "2371"]
[BlackElo "2541"]
[Result "1/2-1/2"]
[Round "02"]
[TimeControl "180+2"]
[Date "2023.01.17"]
[WhiteClock "0:00:49"]
[BlackClock "0:01:01"]

1. c4 Nf6 2. g3 c6 3. b3 d5 4. Bb2 Bg4 5. Bg2 Nbd7 6. Nf3 e6 7. O-O Bd6 8. d4 O-O 9. Nbd2 h6 10. Re1 a5 11. a3 Qe7 12. e4 dxe4 13. Nxe4 Nxe4 14. Rxe4 Nf6 15. Re1 Rfd8 16. Qc1 Qc7 17. d5 cxd5 18. Bxf6 gxf6 19. Qxh6 Bxf3 20. Bxf3 Be5 21. Rac1 d4 22. c5 d3 23. Red1 f5 24. Rc4 Bg7 25. Qf4 Qxf4 26. gxf4 Rab8 27. Ra4 Bc3 28. Rc4 Bg7 29. Ra4 Bc3 30. Rc4 Bg7 1/2-1/2


[Site "https://www.chess.com"]

[Event "Titled Tuesday Blitz January 17 Early 2023"]
[White "Dvirnyy, Danyyil"]
[Black "Batsiashvili, Nino"]
[WhiteFideId "817570"]
[BlackFideId "13602993"]
[WhiteElo "2541"]
[BlackElo "2467"]
[Result "0-1"]
[Round "02"]
[TimeControl "180+2"]
[Date "2023.01.17"]
[WhiteClock "0:00:02"]
[BlackClock "0:00:17"]

1. d4 Nf6 2. c4 c5 3. d5 b5 4. cxb5 a6 5. e3 e6 6. Nc3 exd5 7. Nxd5 Bb7 8. e4 Nxd5 9. exd5 axb5 10. Nf3 Bd6 11. Qe2+ Qe7 12. Qxe7+ Bxe7 13. Bxb5 Bxd5 14. O-O Bxf3 15. gxf3 O-O 16. Rd1 Rd8 17. Bf4 d5 18. a4 Bf6 19. Rac1 c4 20. Rd2 h6 21. Rcd1 Na6 22. Rxd5 Rxd5 23. Rxd5 Nb4 24. Rd7 Nd3 25. Bc7 Nxb2 26. a5 c3 27. a6 c2 28. Bf4 Rc8 29. a7 Bg5 30. Rc7 Rxc7 31. a8=Q+ Kh7 32. Qe4+ g6 33. Bc1 Bxc1 34. Qe5 Bf4 0-1


[Site "https://www.chess.com"]

[Event "Titled Tuesday Blitz January 17 Early 2023"]
[White "Pakleza, Zbigniew"]
[Black "Forgacs, Attila Jr."]
[WhiteFideId "1119290"]
[BlackFideId "773654"]
[WhiteElo "2494"]
[BlackElo "2264"]
[Result "1-0"]
[Round "02"]
[TimeControl "180+2"]
[Date "2023.01.17"]
[WhiteClock "0:00:14"]
[BlackClock "0:00:05"]

1. d4 Nf6 2. Nf3 g6 3. Bf4 Bg7 4. e3 O-O 5. Be2 Ne4 6. h3 d5 7. O-O c5 8. c3 Nc6 9. Nbd2 Nxd2 10. Qxd2 cxd4 11. cxd4 Bf5 12. Rfc1 Rc8 13. Rc5 Qd7 14. Rac1 a6 15. Bd1 Be4 16. Ng5 h6 17. Nxe4 dxe4 18. Qc3 Na7 19. Rc7 Rxc7 20. Qxc7 Qc8 21. Bb3 Nc6 22. Qxc8 Rxc8 23. Bd5 Kf8 24. Bxe4 Ke8 25. Kf1 Kd7 26. Ke1 Na5 27. Rxc8 Kxc8 28. Bd3 Nc6 29. Bg3 e6 30. Kd2 Bf8 31. a3 Be7 32. Kc3 Kd7 33. f4 Kc8 34. e4 Bd6 35. e5 Bc7 36. Bf2 Bb6 37. g4 Kd7 38. Be4 h5 39. gxh5 gxh5 40. h4 Ne7 41. Bf3 Nf5 42. Bxh5 Ke7 43. Bf3 Kf8 44. Bxb7 Ba5+ 45. Kc4 Bb6 46. Bxa6 Ke7 47. Bb7 Kd7 48. Be4 Nh6 49. Bf3 Nf5 50. b4 Bc7 51. a4 Bb8 52. a5 Ba7 53. b5 Bb8 54. b6 Kc8 55. a6 1-0


[Site "https://www.chess.com"]

[Event "Titled Tuesday Blitz January 17 Early 2023"]
[White "Borges Feria, Yasel"]
[Black "Lacasa Diaz, Jose Antonio"]
[WhiteFideId "3504921"]
[BlackFideId "2203375"]
[WhiteElo "2439"]
[BlackElo "2359"]
[Result "1/2-1/2"]
[Round "02"]
[TimeControl "180+2"]
[Date "2023.01.17"]
[WhiteClock "0:00:22"]
[BlackClock "0:00:31"]

1. d4 d5 2. c4 e6 3. Nc3 c5 4. cxd5 exd5 5. Nf3 Nc6 6. dxc5 d4 7. Na4 Bxc5 8. Nxc5 Qa5+ 9. Qd2 Qxc5 10. a3 Nf6 11. b4 Qb6 12. Bb2 O-O 13. Bxd4 Nxd4 14. Qxd4 Qc7 15. e3 Rd8 16. Qb2 a5 17. b5 Bg4 18. Be2 Ne4 19. Rc1 Qe7 20. Rc2 Ng5 21. Nxg5 Bxe2 22. Rxe2 Qxg5 23. O-O Rac8 24. h3 h5 25. a4 Qh4 26. e4 Rc4 27. e5 Rxa4 28. e6 fxe6 29. Rxe6 Rb4 30. Qa2 Qc4 31. Qxc4 Rxc4 32. Rb6 Rd7 33. Ra1 a4 34. Re6 Rb4 35. Re8+ Kf7 36. Ra8 Rxb5 37. R8xa4 Re7 38. h4 Rbe5 39. Rb4 Re4 40. Rab1 Rxb4 41. Rxb4 Rd7 42. g3 g6 43. Kg2 Kg7 44. Rb5 Rf7 45. Rb6 Kh7 46. Rb5 Kg7 47. Rb6 Kh7 48. Rb5 Kg7 1/2-1/2


[Site "https://www.chess.com"]

[Event "Titled Tuesday Blitz January 17 Early 2023"]
[White "Movsesian, Sergei"]
[Black "Seletsky, Grigory"]
[WhiteFideId "310204"]
[BlackFideId "14112191"]
[WhiteElo "2610"]
[BlackElo "2259"]
[Result "1-0"]
[Round "02"]
[TimeControl "180+2"]
[Date "2023.01.17"]
[WhiteClock "0:00:57"]
[BlackClock "0:00:01"]

1. e4 c5 2. Nf3 d6 3. Nc3 e5 4. Bc4 Be7 5. d3 Nc6 6. Nd2 Bg5 7. h4 Bh6 8. Qh5 g6 9. Qd1 Nf6 10. Nf1 Bxc1 11. Qxc1 h5 12. Ne3 Na5 13. Bb5+ Kf8 14. Ncd5 a6 15. Ba4 b5 16. Bb3 Nxb3 17. axb3 Nxd5 18. Nxd5 Bb7 19. Ne3 Kg7 20. Qd2 Qf6 21. f3 Qe7 22. g3 Rhf8 23. g4 Rh8 24. g5 f6 25. gxf6+ Qxf6 26. O-O-O Qf4 27. Kb1 Kf7 28. Rdg1 Rhg8 29. Qe1 a5 30. Ng2 Qf6 31. f4 Ke7 32. Rf1 b4 33. Ne3 exf4 34. Ng2 Raf8 35. Nxf4 Qe5 36. Qe3 Rf6 37. Rf2 Rgf8 38. Rhf1 Kd7 39. Nxg6 Rxg6 40. Rxf8 Rg3 41. Qf2 Kc6 42. Rf5 1-0


[Site "https://www.chess.com"]

[Event "Titled Tuesday Blitz January 17 Early 2023"]
[White "Krivonosov, Oleg"]
[Black "Mouhamad, Joachim"]
[WhiteFideId "11600349"]
[BlackFideId "656410"]
[WhiteElo "2359"]
[BlackElo "2238"]
[Result "1-0"]
[Round "02"]
[TimeControl "180+2"]
[Date "2023.01.17"]
[WhiteClock "0:00:16"]
[BlackClock "0:00:03"]

1. Nf3 d5 2. d4 e6 3. c4 a6 4. Bg5 Be7 5. Bxe7 Nxe7 6. Nbd2 O-O 7. g3 Nd7 8. Bg2 dxc4 9. Nxc4 b5 10. Nce5 Bb7 11. Nxd7 Qxd7 12. O-O Be4 13. Rc1 Rfd8 14. Qb3 Bd5 15. Qc2 a5 16. Qxc7 Ra7 17. Qxd7 Raxd7 18. Rc5 Bxa2 19. e3 Bc4 20. Ra1 Ra7 21. Ne5 Rc8 22. Nxc4 Rxc5 23. dxc5 bxc4 24. Ra4 c3 25. bxc3 Kf8 26. Bf1 Nd5 27. Ra3 f5 28. Bb5 Ke7 29. c4 Nc7 30. f4 e5 31. Kf2 e4 32. Ke1 Ne6 33. c6 Kd6 34. Kd2 Nc5 35. Kc3 h6 36. Ra1 g5 37. h4 g4 38. Rd1+ Kc7 39. Rd5 Kb6 40. Kb2 Nd3+ 41. Ka3 Rf7 42. Rd8 Nc5 43. Rb8+ Kc7 44. Rh8 Rf6 45. Rh7+ Kb6 46. c7 Rf8 47. Rxh6+ Kb7 48. Rc6 Nd3 49. h5 Rc8 50. h6 Rxc7 51. Rxc7+ Kxc7 52. h7 1-0


[Site "https://www.chess.com"]

[Event "Titled Tuesday Blitz January 17 Early 2023"]
[White "Aradhya, Garg"]
[Black "Tarasova, Viktoriya"]
[WhiteFideId "25006746"]
[BlackFideId "4175840"]
[WhiteElo "2284"]
[BlackElo "2226"]
[Result "1/2-1/2"]
[Round "02"]
[TimeControl "180+2"]
[Date "2023.01.17"]
[WhiteClock "0:00:09"]
[BlackClock "0:00:17"]

1. d4 Nf6 2. Nf3 e6 3. Bg5 d5 4. e3 h6 5. Bh4 Nbd7 6. Nbd2 c5 7. c3 Bd6 8. e4 dxe4 9. Nxe4 Be7 10. Bxf6 gxf6 11. Bb5 Qb6 12. a4 a6 13. dxc5 Qc7 14. Bxd7+ Bxd7 15. Qd4 O-O-O 16. Nd6+ Kb8 17. O-O-O e5 18. Qb4 a5 19. Qe4 Bc6 20. Qh4 Bxd6 21. cxd6 Rxd6 22. Rxd6 Qxd6 23. Rd1 Qe6 24. Nd2 Rd8 25. Qh3 Bxa4 26. Qxe6 fxe6 27. Re1 Bc6 28. g3 Kc7 29. f4 exf4 30. Rxe6 fxg3 31. hxg3 Rd3 32. Rxf6 Rxg3 33. Rxh6 Rg1+ 34. Kc2 Rg2 35. Rh7+ Kb6 36. Rh6 Ka7 37. Kd3 Rg3+ 38. Kc2 Rg2 39. Kd3 Rg3+ 40. Ke2 Rg2+ 41. Ke3 Rg3+ 42. Ke2 Rg2+ 43. Kd3 1/2-1/2


[Site "https://www.chess.com"]

[Event "Titled Tuesday Blitz January 17 Early 2023"]
[White "Tanenbaum, Zachary"]
[Black "Semenenko, Dmytry"]
[WhiteFideId "2060850"]
[BlackFideId "14118645"]
[WhiteElo "2261"]
[BlackElo "2113"]
[Result "1-0"]
[Round "02"]
[TimeControl "180+2"]
[Date "2023.01.17"]
[WhiteClock "0:00:25"]
[BlackClock "0:01:00"]

1. e4 Nf6 2. e5 Nd5 3. d4 d6 4. Nf3 Bg4 5. Be2 c6 6. O-O Bxf3 7. Bxf3 dxe5 8. dxe5 e6 9. Qe2 Nd7 10. c4 Ne7 11. Bf4 Ng6 12. Bg3 Qc7 13. Re1 Bc5 14. Nc3 Bd4 15. Rad1 Bxc3 16. bxc3 O-O-O 17. Rd6 Nc5 18. Red1 Ne7 19. Qe3 Qa5 20. Bh4 f6 21. Rxd8+ Rxd8 22. Rxd8+ Kxd8 23. exf6 gxf6 24. Bxf6 Qxa2 25. Bxe7+ Ke8 26. Bh5+ Kd7 27. Qd4+ Kc7 28. Qd8# 1-0


[Site "https://www.chess.com"]

[Event "Titled Tuesday Blitz January 17 Early 2023"]
[White "Buscar, Michael"]
[Black "Tan, Zhongyi"]
[WhiteFideId "2603616"]
[BlackFideId "8603642"]
[WhiteElo "2041"]
[BlackElo "2517"]
[Result "0-1"]
[Round "02"]
[TimeControl "180+2"]
[Date "2023.01.17"]
[WhiteClock "0:00:59"]
[BlackClock "0:00:18"]

1. Nf3 d5 2. d4 Nf6 3. Bf4 Bf5 4. e3 e6 5. Bd3 Bd6 6. O-O O-O 7. Ne5 Nbd7 8. Nd2 Bxe5 9. dxe5 Ne4 10. Nxe4 dxe4 11. Be2 Qe7 12. c3 Rfd8 13. Qc2 Nc5 14. Rfd1 Nd3 15. Bxd3 Rxd3 16. Rxd3 exd3 17. Qa4 a6 18. e4 b5 19. Qd4 Rd8 20. Qe3 Bg6 21. Rd1 h6 22. Rxd3 Rxd3 23. Qxd3 Qh4 24. Qg3 Qd8 25. Qf3 Bxe4 26. Qe2 Qd5 27. f3 Bg6 28. Qd2 Qxa2 29. b4 Qc4 30. Be3 Kh7 31. Bc5 a5 32. Bf8 a4 33. g4 a3 34. g5 a2 35. gxh6 a1=Q+ 36. Kg2 Qaa2 0-1


[Site "https://www.chess.com"]

[Event "Titled Tuesday Blitz January 17 Early 2023"]
[White "Agasarov, Benik"]
[Black "Devaev, Alexander"]
[WhiteFideId "13314823"]
[BlackFideId "4169395"]
[WhiteElo "2235"]
[BlackElo "2325"]
[Result "1-0"]
[Round "02"]
[TimeControl "180+2"]
[Date "2023.01.17"]
[WhiteClock "0:00:44"]
[BlackClock "0:00:01"]

1. d4 Nf6 2. c4 e6 3. Nc3 Bb4 4. Nf3 c5 5. g3 cxd4 6. Nxd4 Nc6 7. Bg2 Qb6 8. Nb5 a6 9. Be3 Qa5 10. Nd6+ Ke7 11. Nxc8+ Rhxc8 12. Bd2 Qc5 13. Rc1 Qh5 14. O-O Bc5 15. Na4 Ba7 16. c5 Kf8 17. Bf4 Kg8 18. Bd6 Ne8 19. Rc4 Rd8 20. Rh4 Qg6 21. Be4 f5 22. Bf3 Nxd6 23. Qxd6 Bb8 24. Qd2 Bc7 25. e4 Ne5 26. Bg2 h6 27. exf5 Qxf5 28. Rf4 Qg5 29. h4 Qe7 30. Bxb7 Rab8 31. Bg2 a5 32. Rd4 Nc6 33. Rd3 Nb4 34. Re3 Nxa2 35. Rfe1 Nb4 36. Nc3 Qf7 37. Rf3 Qe8 38. Ne4 Nc6 39. Rf6 Be5 40. Rf3 Rxb2 41. Qc1 Bd4 42. Rd1 Rdb8 43. Nd6 Qe7 44. Rf7 1-0


[Site "https://www.chess.com"]

[Event "Titled Tuesday Blitz January 17 Early 2023"]
[White "Andreev, Konstantin"]
[Black "Arabidze, Meri"]
[WhiteFideId "24239305"]
[BlackFideId "13604040"]
[WhiteElo "2195"]
[BlackElo "2441"]
[Result "0-1"]
[Round "02"]
[TimeControl "180+2"]
[Date "2023.01.17"]
[WhiteClock "0:00:02"]
[BlackClock "0:00:09"]

1. e4 c5 2. Nf3 e6 3. d4 cxd4 4. Nxd4 Nc6 5. Nc3 a6 6. g4 Nxd4 7. Qxd4 Ne7 8. h4 Nc6 9. Qd3 Bb4 10. Bd2 Ne5 11. Qe2 h5 12. gxh5 Be7 13. O-O-O b5 14. f4 Nc4 15. Qg4 Nxd2 16. Rxd2 Bb7 17. Rg1 Qb6 18. Qxg7 O-O-O 19. Rg3 Bxh4 20. Rg4 Bf2 21. Nd1 Bc5 22. h6 Bxe4 23. Bd3 f5 24. Bxe4 fxg4 25. h7 Be3 26. Nxe3 Qxe3 27. Bd3 g3 28. a4 Qxf4 29. axb5 axb5 30. Bxb5 Kb8 31. b3 g2 32. Qxg2 Rxh7 33. Bd3 Rf7 34. Kb2 Qe5+ 35. c3 Rdf8 36. Qg1 Qc7 37. Qc1 Rf2 38. Qc2 Rxd2 39. Qxd2 Qb6 40. Qd1 Rf2+ 41. Kb1 Qe3 42. Bc2 Qd2 43. Qxd2 Rxd2 44. Kc1 Rh2 45. b4 Kc7 46. Kb2 d5 47. Kb3 Kd6 48. Bg6 e5 49. c4 Rh3+ 50. Kc2 dxc4 51. Bf7 c3 52. Bg6 Kd5 53. Bf7+ Kd4 54. b5 Rh2+ 55. Kc1 c2 56. Bg6 Kc3 57. Be4 Re2 0-1


[Site "https://www.chess.com"]

[Event "Titled Tuesday Blitz January 17 Early 2023"]
[White "Mirzoev, Azer"]
[Black "Miszler, Levente"]
[WhiteFideId "13400304"]
[BlackFideId "763276"]
[WhiteElo "2416"]
[BlackElo "2271"]
[Result "1-0"]
[Round "02"]
[TimeControl "180+2"]
[Date "2023.01.17"]
[WhiteClock "0:02:07"]
[BlackClock "0:01:46"]

1. c4 c5 2. Nc3 Nc6 3. g3 g6 4. Bg2 Bg7 5. a3 e6 6. Rb1 a5 7. b3 Nge7 8. Bb2 O-O 9. Na4 b6 10. Bxg7 Kxg7 11. Nf3 Bb7 12. O-O d5 13. d4 dxc4 14. dxc5 b5 15. bxc4 b4 16. Qc2 Qc7 17. Rfd1 Rfd8 18. e3 bxa3 19. Qc3+ f6 20. Qxa3 Nb4 21. Nd4 Bxg2 22. Nxe6+ 1-0


[Site "https://www.chess.com"]

[Event "Titled Tuesday Blitz January 17 Early 2023"]
[White "Bobkov, Vadim"]
[Black "Gressmann, Moritz"]
[WhiteFideId "34110876"]
[BlackFideId "24695084"]
[WhiteElo "2249"]
[BlackElo "2129"]
[Result "0-1"]
[Round "02"]
[TimeControl "180+2"]
[Date "2023.01.17"]
[WhiteClock "0:00:56"]
[BlackClock "0:01:07"]

1. d4 d5 2. c4 e6 3. Nc3 Nf6 4. cxd5 exd5 5. Bg5 Be7 6. e3 O-O 7. Bd3 c5 8. Nge2 c4 9. Bc2 Bg4 10. f3 Bh5 11. Nf4 Bg6 12. Nxg6 hxg6 13. O-O Nc6 14. a3 Nh5 15. Bxe7 Nxe7 16. e4 dxe4 17. fxe4 Nc6 18. Nd5 Qh4 19. g4 Nf6 20. Nxf6+ gxf6 21. Ba4 Kg7 22. Bxc6 bxc6 23. Rc1 Rh8 24. Rf2 Rae8 25. Qf3 Qg5 26. Rxc4 Rh4 27. h3 Reh8 28. Kg2 Rxh3 29. Qxh3 Rxh3 30. Kxh3 Qe3+ 31. Kg2 Qxe4+ 32. Kg3 Qd3+ 0-1


[Site "https://www.chess.com"]

[Event "Titled Tuesday Blitz January 17 Early 2023"]
[White "Perez Rodriguez, Jennifer"]
[Black "Melikyan, Gnel"]
[WhiteFideId "3507831"]
[BlackFideId "54109990"]
[WhiteElo "2242"]
[BlackElo "2238"]
[Result "0-1"]
[Round "02"]
[TimeControl "180+2"]
[Date "2023.01.17"]
[WhiteClock "0:02:00"]
[BlackClock "0:02:10"]

1. e4 Na6 2. d4 e5 3. Nf3 exd4 4. Bc4 Nc5 5. O-O d6 6. Qxd4 Be6 7. Nc3 Qf6 8. Qxf6 Nxf6 9. Bxe6 Nxe6 10. e5 dxe5 11. Nxe5 Bd6 12. Re1 Bxe5 13. Rxe5 O-O-O 14. h3 Rhe8 15. Re1 Nd4 16. Rxe8 Rxe8 17. Bg5 Nxc2 18. Bxf6 Nxa1 19. Bxg7 Nc2 20. Kf1 Re1# 0-1


[Site "https://www.chess.com"]

[Event "Titled Tuesday Blitz January 17 Early 2023"]
[White "Silva, Caio Henrique Angelico"]
[Black "Pfreundt, Jakob"]
[WhiteFideId "22777210"]
[BlackFideId "12918156"]
[WhiteElo "2129"]
[BlackElo "2407"]
[Result "0-1"]
[Round "02"]
[TimeControl "180+2"]
[Date "2023.01.17"]
[WhiteClock "0:00:01"]
[BlackClock "0:00:04"]

1. Nf3 Nf6 2. b3 g6 3. Bb2 Bg7 4. g3 b5 5. Bg2 Bb7 6. O-O O-O 7. c4 bxc4 8. bxc4 c5 9. Nc3 d6 10. Rb1 Nbd7 11. d3 Rb8 12. Qc2 Qa5 13. Ba1 Bc6 14. Nd2 Bxg2 15. Kxg2 Rb6 16. Rxb6 axb6 17. Rb1 Ra8 18. a4 Qa6 19. Rb2 Ne8 20. Ra2 Qb7+ 21. f3 Ra6 22. Nb5 Bxa1 23. Rxa1 Nc7 24. Qb2 Nb8 25. Ne4 Ne8 26. Nec3 Nc6 27. Nd5 Qd7 28. h4 h5 29. e4 Qd8 30. f4 e6 31. Ne3 Qa8 32. Qb3 f5 33. Kh3 Nd4 34. Nxd4 cxd4 35. Nc2 fxe4 36. dxe4 Qxe4 37. Qb5 Nc7 38. Qd7 Qf5+ 39. Kh2 Qxc2+ 40. Kh3 Qf5+ 41. Kh2 Qf7 42. Qxd6 Ne8 43. Qxd4 Qf6 44. Qd1 Ra8 45. Rb1 Rd8 46. Rxb6 Rxd1 47. Rb8 Rd2+ 48. Kh3 Qf5+ 0-1


[Site "https://www.chess.com"]

[Event "Titled Tuesday Blitz January 17 Early 2023"]
[White "Ordekalog"]
[Black "Pourkashiyan, Atousa"]
[BlackFideId "12502014"]
[WhiteElo "2578"]
[BlackElo "2282"]
[Result "0-1"]
[Round "02"]
[TimeControl "180+2"]
[Date "2023.01.17"]
[WhiteClock "0:00:01"]
[BlackClock "0:00:22"]

1. d4 Nf6 2. c4 e6 3. Nc3 Bb4 4. Bd2 O-O 5. Rc1 d5 6. e3 c6 7. Nf3 Nbd7 8. Bd3 dxc4 9. Bxc4 b5 10. Bb3 a6 11. O-O Bb7 12. Re1 c5 13. a3 Ba5 14. Ba2 cxd4 15. exd4 Rc8 16. Bg5 h6 17. Bh4 Bxc3 18. bxc3 Qa5 19. Qd3 Qxa3 20. Bb1 Bxf3 21. Qxf3 b4 22. d5 Nxd5 23. Qe4 N7f6 24. Bxf6 Nxf6 25. Qxb4 Qxb4 26. cxb4 Rb8 27. Rc6 Rxb4 28. Rxa6 Rfb8 29. Bd3 Rd4 30. Bf1 Rb2 31. Ra8+ Kh7 32. Ra7 Kg6 33. h3 Rdd2 34. f4 Nd5 35. f5+ exf5 36. Ra6+ f6 37. Ra7 f4 38. Rc1 Ne3 39. Rcc7 Nxf1 0-1


[Site "https://www.chess.com"]

[Event "Titled Tuesday Blitz January 17 Early 2023"]
[White "Maksimenko, Viktor"]
[Black "Quinones Garcia, Santiago"]
[WhiteFideId "13710478"]
[BlackFideId "4408497"]
[WhiteElo "2196"]
[BlackElo "2248"]
[Result "1-0"]
[Round "02"]
[TimeControl "180+2"]
[Date "2023.01.17"]
[WhiteClock "0:01:55"]
[BlackClock "0:01:43"]

1. d4 Nf6 2. c4 g6 3. Nc3 d5 4. cxd5 Nxd5 5. e4 Nxc3 6. bxc3 Bg7 7. Nf3 c5 8. Bb5+ Bd7 9. Be2 O-O 10. O-O b6 11. Be3 Qc7 12. Rc1 e5 13. Nxe5 Bxe5 14. dxe5 Qxe5 15. Qd2 Bc6 16. f3 Nd7 17. Bf4 Qe6 18. Rfd1 Ne5 19. Qd6 Nd7 20. Bg3 Rac8 21. Qxe6 fxe6 22. Rd6 Kf7 23. Bc4 Rfe8 24. Rcd1 Re7 25. Bh4 b5 26. Bxe7 bxc4 27. Rxd7 1-0


[Site "https://www.chess.com"]

[Event "Titled Tuesday Blitz January 17 Early 2023"]
[White "Malyi, Viacheslav"]
[Black "Topalov, Aleksandar"]
[WhiteFideId "14123983"]
[BlackFideId "925659"]
[WhiteElo "2391"]
[BlackElo "2233"]
[Result "1-0"]
[Round "02"]
[TimeControl "180+2"]
[Date "2023.01.17"]
[WhiteClock "0:00:51"]
[BlackClock "0:00:38"]

1. e4 e6 2. d4 d5 3. Nc3 Bb4 4. e5 Qd7 5. a3 Bxc3+ 6. bxc3 b6 7. Nf3 Ba6 8. Bd3 Bxd3 9. Qxd3 Ne7 10. O-O O-O 11. a4 Nbc6 12. Ng5 Ng6 13. h4 f5 14. exf6 Rxf6 15. h5 Nf8 16. Ba3 e5 17. f3 h6 18. Bxf8 hxg5 19. Ba3 Raf8 20. Rae1 exd4 21. Bxf8 Rxf8 22. cxd4 g4 23. fxg4 Rxf1+ 24. Rxf1 Qxg4 25. c3 Qxh5 26. Qg3 Qe2 27. Qxc7 Qe3+ 28. Kh1 Qxc3 29. Qf7+ Kh7 30. Qh5+ Kg8 31. Qxd5+ Kh7 32. Qh5+ Kg8 33. Qe8+ Kh7 34. Rf3 Qe1+ 35. Qxe1 1-0


[Site "https://www.chess.com"]

[Event "Titled Tuesday Blitz January 17 Early 2023"]
[White "Saravana, Krishnan P."]
[Black "Lorenzo De La Riva, Lazaro"]
[WhiteFideId "5018382"]
[BlackFideId "2268809"]
[WhiteElo "2284"]
[BlackElo "2404"]
[Result "1-0"]
[Round "02"]
[TimeControl "180+2"]
[Date "2023.01.17"]
[WhiteClock "0:00:23"]
[BlackClock "0:00:03"]

1. d4 Nf6 2. c4 c5 3. d5 b5 4. Qc2 b4 5. e4 d6 6. Nf3 g6 7. b3 Nxe4 8. Bb2 Nf6 9. Bd3 Bg7 10. O-O O-O 11. a3 bxa3 12. Rxa3 Na6 13. Nbd2 Nb4 14. Qb1 a5 15. Bc3 Nxd3 16. Qxd3 Bf5 17. Qe2 Qb6 18. Rfa1 Rfe8 19. h3 Qb7 20. Nf1 e6 21. Qb2 e5 22. Ng3 Bd7 23. Rxa5 Rxa5 24. Rxa5 Rb8 25. Nd2 Ne8 26. Qa3 f5 27. Ra7 Qc8 28. Ne2 Bf6 29. f4 e4 30. Bxf6 Nxf6 31. Qa1 Qd8 32. Nf1 Rxb3 33. Ra8 Bc8 34. Rxc8 Qxc8 35. Qxf6 Qd7 36. h4 Rb8 37. h5 Rf8 38. Qg5 Qg7 39. hxg6 hxg6 40. Ne3 Qa1+ 41. Kf2 Qf6 42. Qxf6 Rxf6 43. Nc3 Kg7 44. Nb5 Kf7 45. Kg3 Ke7 46. Kh4 Rf8 47. Kg5 Rg8 48. g4 fxg4 49. Nxg4 Kf7 50. Nh6+ Ke7 51. Nxg8+ 1-0


[Site "https://www.chess.com"]

[Event "Titled Tuesday Blitz January 17 Early 2023"]
[White "Liu, Casper"]
[Black "Osmak, Yuliia"]
[WhiteFideId "1454153"]
[BlackFideId "14101602"]
[WhiteElo "2278"]
[BlackElo "2440"]
[Result "1-0"]
[Round "02"]
[TimeControl "180+2"]
[Date "2023.01.17"]
[WhiteClock "0:00:31"]
[BlackClock "0:00:02"]

1. d4 g6 2. c4 Bg7 3. Nc3 d6 4. e4 Nf6 5. Nf3 O-O 6. Be2 Nc6 7. d5 Nb8 8. O-O Bg4 9. Qc2 c6 10. b4 a5 11. Rb1 cxd5 12. exd5 Nbd7 13. Nb5 axb4 14. Nfd4 Nc5 15. Rxb4 Qa5 16. a3 Rfc8 17. Bg5 Nce4 18. Bxg4 Nxg5 19. Bxc8 Rxc8 20. Re1 Nxd5 21. Ra4 Qb6 22. Qd2 Bxd4 23. Qxd4 Qxd4 24. Nxd4 Nc3 25. Rb4 Rc7 26. Re3 Nd5 27. Nb5 Rc5 28. Rc3 Nxb4 29. axb4 Rc8 30. f3 Ne6 31. Kf2 Nf4 32. g3 Ne6 33. Ke3 Kf8 34. f4 Ke8 35. Kd3 Kd7 36. Ra3 h5 37. Ra7 Rb8 38. Ke4 Kc6 39. Ra1 Kd7 40. Rd1 Kc6 41. Na7+ Kb6 42. Nb5 Rc8 43. Kd3 d5 44. cxd5 Kxb5 45. dxe6 fxe6 46. Re1 Rc6 47. Re4 Rd6+ 48. Kc3 b6 49. Re5+ Kc6 50. Rg5 Kd7 51. Rxg6 Rd1 52. Rg5 Rc1+ 53. Kb2 Rc4 54. Kb3 Re4 55. Rxh5 Re3+ 56. Kc4 Re4+ 57. Kc3 Kc6 58. b5+ Kd6 59. Rg5 Re1 60. h4 Rc1+ 61. Kb2 Rh1 62. h5 Rh2+ 63. Kc3 Rh1 64. g4 Rh3+ 65. Kd4 Rf3 66. Ke4 Rh3 67. Kd4 Rh1 68. Rg6 Rf1 69. Ke3 Re1+ 70. Kf3 Rb1 71. h6 Rh1 72. g5 Kc5 73. Rg7 Kxb5 74. h7 Kc4 75. g6 b5 76. Rg8 b4 77. h8=Q Rxh8 78. Rxh8 b3 79. Rc8+ Kd3 80. Rb8 Kc2 81. g7 b2 82. g8=Q 1-0


[Site "https://www.chess.com"]